 Dungeon Crawl Stone Soup version 0.15.1-3-g1b33baa (webtiles) character file.

77853 CrazyArbalest the Halfling Catapult (level 16, -5/97 HPs)
             Began as a Halfling Fighter on Oct 8, 2014.
             Was the Champion of Makhleb.
             Slain by an ogre
             ... wielding a +0 giant club
             ... led by an ogre mage
              (8 damage)
             ... while paralysed by an ogre mage
             ... on Level 15 of the Dungeon.
             The game lasted 05:14:37 (36775 turns).

CrazyArbalest the Halfling Catapult (HaFi)         Turns: 36775, Time: 05:14:38

HP  -5/97        AC 17     Str 16      XL: 16   Next:  6%
MP  22/22        EV  3     Int  7      God: Makhleb [******]
Gold 2254        SH  0     Dex 21      Spells:  0 memorised, 15 levels left

rFire  . . .     SeeInvis .     b - +2 hunting sling (flame)
rCold  . . .     Clarity  .     q - +4 troll leather armour
rNeg   + . .     rCorr    .     D - +0 buckler
rPois  .         rRot     .     m - +2 hat
rElec  .         Spirit   .     (no cloak)
SustAb .         Warding  +     U - +0 pair of gloves
rMut   .         Stasis   .     Z - +0 pair of boots
Gourm  .                        h - amulet of warding
MR     +....                    x - +2 ring of evasion
                                r - +3 ring of protection

@: paralysed, somewhat resistant to hostile enchantments, fairly stealthy
A: mutation resistance 1
a: Minor Destruction, Lesser Servant of Makhleb, Major Destruction, Greater
Servant of Makhleb, Renounce Religion


You were on level 15 of the Dungeon.
You worshipped Makhleb.
Makhleb was exalted by your worship.
You were hungry.

You visited 4 branches of the dungeon, and saw 25 of its levels.
You also visited: Bailey.

You collected 3776 gold pieces.
You spent 1522 gold pieces at shops.

Inventory:

Hand weapons
 a - a +6 short sword of speed
 b - a +2 hunting sling of flaming (weapon)
 c - a +0 hunting sling of venom
 J - a +2 dagger of venom
Missiles
 e - 11 poisoned sling bullets
 k - 45 stones
 p - 23 sling bullets (quivered)
 s - 75 steel sling bullets
Armour
 m - a +2 hat (worn)
 n - a +1 robe of cold resistance
 q - a +4 troll leather armour (worn)
 D - a +0 buckler (worn)
 N - a +2 ring mail of poison resistance
 U - a +0 pair of gloves (worn)
 Y - a +1 chain mail of fire resistance
 Z - a +0 pair of boots (worn)
Magical devices
 l - a wand of confusion (8)
 y - a wand of fire (1)
 F - a wand of flame (3)
 I - a wand of teleportation (6)
 O - a wand of heal wounds (4)
 S - a wand of digging (12)
Comestibles
 o - a meat ration
 z - 12 fruits
Scrolls
 d - a scroll of immolation
 f - 6 scrolls of magic mapping
 g - 5 scrolls of fog
 t - 9 scrolls of remove curse
 u - 4 scrolls of teleportation
 E - a scroll of fear
 X - a scroll of blinking
Jewellery
 h - an amulet of warding (around neck)
 r - a +3 ring of protection (left hand)
 w - an uncursed ring of flight
 x - a +2 ring of evasion (right hand)
 B - an uncursed ring of see invisible
 R - an uncursed ring of ice
 T - an uncursed ring of fire
 V - a cursed ring of protection from cold
Potions
 i - a potion of might
 j - a potion of beneficial mutation {unknown}
 A - 6 potions of curing
 C - a potion of heal wounds
 M - 2 potions of haste
Books
 H - a book of Air

   Spells                             Type                      Level
   Shock                              Conjuration/Air              1
   Swiftness                          Charms/Air                   2
   Repel Missiles                     Charms/Air                   2
   Flight                             Charms/Air                   3
   Static Discharge                   Conjuration/Air              3
   Lightning Bolt                     Conjuration/Air              5


   Skills:
 + Level 4.5 Fighting
 + Level 3.6 Short Blades
 O Level 27 Slings
 + Level 7.4 Armour
 + Level 11.1 Dodging
 + Level 3.5 Stealth
 + Level 9.0 Shields
 * Level 3.4 Invocations
 + Level 2.1 Evocations


You had 15 spell levels left.
You didn't know any spells.

Dungeon Overview and Level Annotations

Branches:
Dungeon (15/15)            Temple (1/1) D:7             Orc (4/4) D:10
    Elf (0/3) Orc:3          Lair (5/8) D:8           Swamp (0/5) Lair:5
 Spider (0/5) Lair:4       Vaults (0/5) D:13
 Depths: D:15

Altars:
Ashenzari
Cheibriados
Dithmenos
Elyvilon
Fedhas
Kikubaaqudgha
Makhleb
Nemelex Xobeh
Okawaru
Qazlal
Sif Muna
Trog
Vehumet
Xom
Yredelemnul
Zin
The Shining One
Beogh
Lugonu

Shops:
D:11 *   D:12 *   Orc:4 *:[:

Annotations:
D:2 Sigmund
D:5 Thrillho's ghost, experienced OpBe
Lair:5 Rupert; Snorg; Thrillho's ghost, powerful OpBe


Innate Abilities, Weirdness & Mutations

You are small and have problems with some larger weapons.
You are somewhat resistant to further mutation.


Message History

You suddenly lose the ability to move!
The ogre hits you with a giant club!
The ogre mage hits you but does no damage.
The ogre hits you but does no damage. The ogre mage barely misses you.
The ogre mage hits you but does no damage.
The ogre hits you with a giant club!! The ogre mage casts a spell at you.
The bolt of lightning hits you! The ogre hits you with a giant club.
The ogre mage barely misses you. The ogre hits you but does no damage.
The ogre mage points at you and mumbles some strange words.
The bolt of lightning hits you!
* * * LOW HITPOINT WARNING * * *
The ogre mage barely misses you. The ogre hits you with a giant club.
* * * LOW HITPOINT WARNING * * *
The ogre mage hits you but does no damage.
The ogre hits you with a giant club!!
* * * LOW HITPOINT WARNING * * *
The ogre mage points at you and mumbles some strange words.
You shrug off the repeated paralysis!
The ogre hits you with a giant club!
You die...

.....#....##....#
.....#....##....#
.....#..........#
.....#.....<....#
###..#######....#
###........#....#
......#....################
......#..........O(........
......#.........@)O.....((..
......#......######(........
.###..#......# #)........ .#
#..#......### #((...(...
.###............. (O(......
..................(.O..(...
.....##########+#..(......#
.....# #..(..(... .....#
#..(.....


You could see an ogre mage and an ogre.

Vanquished Creatures
  A fire dragon (D:11)
  2 vault guards (D:13)
  Josephine (D:14)
  Fannar (D:14)
  A centaur warrior (D:14)
  8 hydras
  Harold (Lair:3)
  Erica (Lair:1)
  A tengu warrior (D:14)
  3 orc high priests (Orc:4)
  Nergalle (D:14)
  A wizard (D:14)
  2 unseen horrors
  4 hill giants
  5 orc knights (Orc:4)
  5 orc sorcerers (Orc:4)
  2 griffons
  16 ugly things
  2 necromancers (D:13)
  2 manticores
  7 cyclopes
  3 elephants (Lair:2)
  The ghost of MBison the Changer, an experienced HETm of Makhleb (D:8)
  A centaur zombie (D:14)
  3 spiny frogs
  4 black mambas
  Joseph (D:8)
  2 gargoyles
  A guardian serpent (D:11)
  A feature mimic (D:12)
  Psyche (Orc:1)
  A kobold demonologist (D:12)
  5 komodo dragons
  2 hydra zombies
  A freezing wraith (D:14)
  5 trolls
  Sonja (D:10)
  A giant leech (Lair:5)
  3 blink frogs (Lair:2)
  3 slime creatures (D:14)
  3 ravens (D:14)
  A catoblepas skeleton (D:13)
  3 two-headed ogres
  2 shadows
  7 basilisks
  A griffon skeleton (D:11)
  A spriggan (D:8)
  2 wyverns (D:13)
  A water elemental (D:11)
  A wraith (D:15)
  A tarantella (Lair:4)
  35 yaks
  Eustachio (Orc:1)
  A deep elf fighter (D:8)
  5 deep elf magi
  19 humans (D:13)
  A centaur simulacrum (D:14)
  4 wolves (Lair:5)
  6 hippogriffs
  A steam dragon (Lair:5)
  A mottled dragon (D:14)
  The ghost of MBison the Changer, an average HETm (D:6)
  2 vampire mosquitoes (D:14)
  A soldier ant (D:13)
  6 water moccasins
  5 sky beasts
  12 porcupines
  33 orc warriors
  3 boggarts (D:14)
  4 ice beasts
  5 black bears
  A manticore zombie (D:13)
  2 yellow wasps
  A necrophage (D:11)
  13 ogres
  5 phantoms
  A hill giant simulacrum (D:14)
  2 manticore skeletons (D:14)
  25 crocodiles
  19 centaurs
  A big kobold (D:10)
  12 giant frogs
  A brain worm (D:11)
  A wyvern zombie (D:8)
  A gnoll sergeant (D:11)
  A wyvern skeleton (D:14)
  A cyclops skeleton (D:8)
  An eye of draining (shapeshifter) (D:14)
  2 eyes of draining
  6 killer bees (D:13)
  8 scorpions
  A water moccasin skeleton (D:8)
  3 electric eels (D:11)
  A troll skeleton (D:11)
  9 jellies
  8 crimson imps
  13 hounds
  A vampire bat (D:8)
  2 goliath beetles
  3 quasits
  35 orc priests
  A black bear skeleton (D:9)
  A giant frog skeleton (D:12)
  33 orc wizards
  A porcupine zombie (D:8)
  14 worker ants
  15 iguanas
  15 sheep
  A mottled dragon skeleton (D:12)
  An ogre skeleton (D:8)
  A mummy (D:8)
  21 adders
  7 gnolls
  A scorpion zombie (D:8)
  34 green rats
  5 orc zombies
  6 shadow imps
  An orc skeleton (D:6)
  4 worms
  2 giant mites
  An ufetubus (D:12)
  3 oozes
  209 orcs
  27 bats
  5 giant cockroaches
  25 goblins
  27 hobgoblins
  10 jackals
  35 kobolds
  3 ball pythons
  14 giant geckos
  13 giant newts
  A giant spore (D:12)
  A goblin skeleton (D:4)
  16 quokkas
  20 rats
  2 rat zombies
  3 spectral orcs (D:14)
  6 ballistomycetes
  3 fungi
  4 plants
1048 creatures vanquished.

Vanquished Creatures (others)
  A wizard (D:13)
  An orange demon (Lair:5)
  An orc wizard (Orc:4)
  5 ufetubi (Orc:4)
  A hobgoblin (D:11)
  A giant spore (D:10)
  2 fungi
  A plant (Lair:2)
13 creatures vanquished.

Grand Total: 1061 creatures vanquished

Notes
Turn   | Place    | Note
--------------------------------------------------------------
     0 | D:1      | CrazyArbalest, the Halfling Fighter, began the quest for the Orb.
     0 | D:1      | Reached XP level 1. HP: 15/15 MP: 1/1
   369 | D:1      | Reached XP level 2. HP: 8/20 MP: 2/2
   953 | D:1      | Reached XP level 3. HP: 24/26 MP: 3/3
   971 | D:1      | Reached skill level 1 in Dodging
  1700 | D:1      | Reached XP level 4. HP: 25/31 MP: 4/4
  1936 | D:2      | Noticed Sigmund
  2016 | D:2      | Found a glowing golden altar of the Shining One.
  2250 | D:2      | Reached skill level 1 in Slings
  2630 | D:2      | Reached XP level 5. HP: 22/36 MP: 5/5
  3230 | D:3      | Reached skill level 4 in Armour
  4092 | D:3      | Reached XP level 6. HP: 42/42 MP: 6/6
  4895 | D:4      | Found a sparkling altar of Nemelex Xobeh.
  5062 | D:4      | Reached skill level 5 in Slings
  5062 | D:4      | Reached XP level 7. HP: 46/46 MP: 7/7
  5162 | D:4      | Reached skill level 6 in Slings
  5400 | D:5      | Entered Level 5 of the Dungeon
  5558 | D:5      | Reached skill level 7 in Slings
  5597 | D:5      | Reached skill level 8 in Slings
  5750 | D:5      | Found a bloodstained altar of Trog.
  5842 | D:5      | Reached XP level 8. HP: 33/52 MP: 8/8
  5845 | D:5      | Reached skill level 9 in Slings
  6231 | D:5      | Noticed Thrillho's ghost (experienced OpBe)
  6577 | D:5      | Reached skill level 10 in Slings
  6934 | D:6      | Identified the Tome of Sinister Rites
  6937 | D:6      | Found a shattered altar of Ashenzari.
  7257 | D:6      | Reached skill level 11 in Slings
  7343 | D:6      | Found a shadowy altar of Dithmenos.
  7370 | D:6      | Reached XP level 9. HP: 42/57 MP: 9/9
  7549 | D:6      | Reached skill level 12 in Slings
  7603 | D:6      | Noticed MBison's ghost (average HETm)
  7612 | D:6      | Killed MBison's ghost
  8061 | D:7      | Reached skill level 13 in Slings
  8206 | D:7      | Found a staircase to the Ecumenical Temple.
  8216 | Temple   | Entered the Ecumenical Temple
  8244 | Temple   | Became a worshipper of Makhleb the Destroyer
  8322 | D:7      | Found a flagged portal.
  8415 | Bailey   | Entered a bailey
  8603 | Bailey   | Acquired Makhleb's first power
  8615 | Bailey   | Reached skill level 14 in Slings
  9056 | D:7      | Found a glowing silver altar of Zin.
  9057 | D:7      | Found a blossoming altar of Fedhas.
  9804 | D:8      | Acquired Makhleb's second power
  9837 | D:8      | Reached skill level 15 in Slings
  9837 | D:8      | Reached XP level 10. HP: 63/63 MP: 10/10
 10103 | D:8      | Noticed Joseph
 10115 | D:8      | Killed Joseph
 10138 | D:8      | Noticed MBison's ghost (experienced HETm)
 10153 | D:8      | Reached skill level 16 in Slings
 10338 | D:8      | Reached skill level 5 in Armour
 10401 | D:8      | Found a staircase to the Lair.
 10480 | D:8      | Reached skill level 17 in Slings
 10511 | D:8      | Acquired Makhleb's third power
 10731 | D:8      | Reached skill level 5 in Shields
 10857 | D:8      | Killed MBison's ghost
 10857 | D:8      | Reached skill level 18 in Slings
 10975 | D:8      | Reached XP level 11. HP: 67/67 MP: 11/11
 11286 | Lair:1   | Entered Level 1 of the Lair of Beasts
 11450 | Lair:1   | Noticed a seven-headed hydra
 11543 | Lair:1   | Noticed Erica
 11554 | Lair:1   | Killed Erica
 11554 | Lair:1   | Reached skill level 19 in Slings
 11554 | Lair:1   | Reached skill level 1 in Stealth
 11557 | Lair:1   | Acquired Makhleb's fourth power
 12420 | Lair:2   | Reached skill level 20 in Slings
 12435 | Lair:2   | Acquired Makhleb's fifth power
 12923 | Lair:2   | Reached XP level 12. HP: 73/73 MP: 12/12
 13310 | Lair:2   | Reached skill level 21 in Slings
 13402 | Lair:2   | Found a glowing silver altar of Zin.
 14189 | Lair:3   | Noticed Harold
 14205 | Lair:3   | Killed Harold
 14205 | Lair:3   | Reached skill level 22 in Slings
 15693 | Lair:1   | Killed a seven-headed hydra
 16327 | Lair:4   | Reached skill level 5 in Dodging
 16367 | Lair:4   | Found a hole to the Spider Nest.
 16588 | Lair:4   | Reached skill level 23 in Slings
 16804 | Lair:4   | Reached XP level 13. HP: 79/79 MP: 13/13
 17422 | Lair:5   | Noticed Rupert
 17896 | Lair:5   | Noticed Snorg
 17923 | Lair:5   | Noticed Thrillho's ghost (powerful OpBe)
 18034 | Lair:5   | Found a staircase to the Swamp.
 18161 | Lair:5   | Reached skill level 24 in Slings
 18299 | Lair:2   | Identified a scroll of acquirement
 19519 | D:9      | Found a basalt altar of Yredelemnul.
 19792 | D:10     | Entered Level 10 of the Dungeon
 20091 | D:10     | Noticed Sonja
 20100 | D:10     | Killed Sonja
 20528 | D:10     | Found a roughly hewn altar of Beogh.
 20568 | D:10     | Found a staircase to the Orcish Mines.
 20997 | Orc:1    | Entered Level 1 of the Orcish Mines
 21302 | Orc:1    | Found a roughly hewn altar of Beogh.
 21369 | Orc:1    | Noticed Psyche
 21384 | Orc:1    | Killed Psyche
 21424 | Orc:1    | Reached skill level 25 in Slings
 21862 | Orc:2    | Noticed Eustachio
 21873 | Orc:1    | Killed Eustachio
 22984 | Orc:3    | Found a staircase to the Elven Halls.
 23296 | Orc:3    | Found a bloodstained altar of Trog.
 23986 | Orc:4    | Entered Level 4 of the Orcish Mines
 25101 | Orc:4    | Reached XP level 14. HP: 84/84 MP: 14/14
 25164 | Orc:4    | Paralysed by an orc sorcerer for 7 turns
 25733 | Orc:4    | Reached skill level 26 in Slings
 26305 | Orc:4    | Found Murhegoir's Armour Shoppe.
 26305 | Orc:4    | Found Kivviok's Book Shoppe.
 26310 | Orc:4    | Found Zecyrig's General Store.
 26314 | Orc:4    | Found Phewnocs' Book Shop.
 26439 | Orc:4    | Bought a potion of haste for 98 gold pieces
 26439 | Orc:4    | Bought a scroll of brand weapon for 280 gold pieces
 26439 | Orc:4    | Bought a scroll of enchant weapon for 105 gold pieces
 26439 | Orc:4    | Bought 17 stones for 23 gold pieces
 26439 | Orc:4    | Bought a potion of curing for 28 gold pieces
 27638 | D:11     | Found Cleemofi's Assorted Antiques.
 27692 | D:11     | Bought a scroll labeled LYUTRUN LIHURGH for 36 gold pieces
 27692 | D:11     | Bought 3 scrolls of enchant weapon for 810 gold pieces
 27692 | D:11     | Bought a green potion for 32 gold pieces
 29769 | D:12     | Reached skill level 27 in Slings
 30782 | D:12     | Found Kiwa's Assorted Antiques.
 30801 | D:12     | Bought a scroll labeled KUALAX ONAAJAG for 22 gold pieces
 30801 | D:12     | Bought an iron wand for 88 gold pieces
 32092 | D:13     | Reached XP level 15. HP: 87/90 MP: 16/16
 33070 | D:13     | Reached skill level 1 in Evocations
 33138 | D:13     | Got an encrusted mace
 33140 | D:13     | Identified the +6 mace of the Desert {venom, Int+1} (You found it on level 13 of the Dungeon)
 33482 | D:13     | Reached skill level 1 in Invocations
 33577 | D:13     | Found a gate to the Vaults.
 33905 | D:14     | Noticed Josephine
 33926 | D:14     | Killed Josephine
 34081 | D:14     | Noticed Fannar
 34097 | D:14     | Killed Fannar
 34136 | D:14     | Noticed Nergalle
 34255 | D:14     | Killed Nergalle
 34563 | D:14     | Reached skill level 10 in Dodging
 36486 | D:15     | Entered Level 15 of the Dungeon
 36616 | D:15     | Reached XP level 16. HP: 97/97 MP: 21/21
 36768 | D:15     | Paralysed by an ogre mage for 7 turns
 36774 | D:15     | HP: 2/97 [ogre/giant club[an ogre mage] (19)]
 36775 | D:15     | Slain by an ogre

Action                   |  1- 3 |  4- 6 |  7- 9 | 10-12 | 13-15 | 16-18 || total
-------------------------+-------+-------+-------+-------+-------+-------++-------
Melee: Cutlass           |   175 |   173 |       |     1 |     2 |       ||   351
       Hunting sling     |       |       |       |       |     2 |       ||     2
       Short sword       |       |       |       |       |    36 |       ||    36
 Fire: Hunting sling     |       |   164 |   548 |  1208 |  3214 |    82 ||  5216
Invok: Lesser Servant of |       |       |       |       |     2 |       ||     2
Evoke: Wand              |       |       |     3 |    10 |    18 |       ||    31
  Use: Scroll            |       |       |    10 |     8 |    30 |       ||    48
       Potion            |       |       |     3 |       |     4 |     1 ||     8
 Stab: Sleeping          |       |       |       |       |     2 |       ||     2
  Eat: Chunk             |     2 |    11 |    11 |    15 |    34 |       ||    73
       Fruit             |       |       |     4 |     3 |    24 |     1 ||    32
       Beef jerky        |       |       |       |     1 |     1 |       ||     2
       Pizza             |       |       |       |       |     1 |       ||     1
